AoeStats
← Simon Stokvis

Nomad

504057889Analyzed
4v4 RM · 1mo ago on Sep 3, 2026· 41m 29s· 8 players
Game mode
Random Map
Map size
231×231
Population
200
Speed
Normal
Resources
Standard
Victory
Conquest
Starting age
Dark Age
Ending age
Imperial Age
RankedLock teamsTeams togetherTeam positionsShared explorationLock speedFull tech treeHidden civsTurbo modeCheats
Victory
Defeat
🇧🇪 Maya · Belgium
1763
+7
🇫🇷 Malay · France
1708
+8
🇫🇷 Goths · France
1560
+15
🇫🇷 Bengalis · France
1268
+26
🇹🇷 Khmer · Türkiye
1550
-15
🇨🇳 Gurjaras · China
1547
-15
🇳🇱 Teutons · Netherlands
1539
-14
🇸🇮 Portuguese · Slovenia
1487
-12
Simon Stokvis
3:03 Loom
6:59 Loom
14:07 Feudal Age
16:16 Fletching
19:08 Double-Bit Axe
23:45 Castle Age
25:06 Bow Saw
26:01 Town Watch
26:35 Scale Barding Armor
27:04 Forging
28:00 Bloodlines
29:43 Chain Barding Armor
30:53 Iron Casting
36:43 Imperial Age
38:17 Ballistics
37:47 Cavalier
Mr. Weedman
5:25 Loom
13:17 Feudal Age
18:44 Castle Age
16:48 Double-Bit Axe
25:12 Imperial Age
27:28 Chemistry
27:35 Fletching
36:37 Pikeman
37:13 Halberdier
Allison
4:14 Loom
14:58 Feudal Age
15:43 Double-Bit Axe
15:56 Town Watch
18:55 Castle Age
16:56 Fishing Lines
17:09 Fletching
17:33 Gold Mining
19:37 Bodkin Arrow
20:33 Gillnets
23:31 Padded Archer Armor
24:58 Wheelbarrow
27:00 Medium Warships
28:39 Leather Archer Armor
32:07 Scale Barding Armor
32:12 Forging
33:12 Bow Saw
34:03 Ballistics
36:53 Imperial Age
35:30 Chain Barding Armor
34:53 Light Cavalry
35:44 Bloodlines
35:45 Husbandry
36:38 Iron Casting
36:14 Masonry
36:42 Bloodlines
37:27 Hand Cart
38:14 Plate Barding Armor
38:56 Blast Furnace
38:28 Tusk Swords
39:32 Gold Shaft Mining
41:06 Chemistry
40:22 Bracer
哇哈哈
11:30 Loom
13:29 Feudal Age
14:08 Double-Bit Axe
16:34 Fletching
19:57 Forging
22:36 Bloodlines
22:33 Scale Barding Armor
28:07 Castle Age
29:15 Bow Saw
28:52 Light Cavalry
TabA_ClémieDaQueen
5:14 Loom
14:06 Feudal Age
14:58 Double-Bit Axe
19:13 Horse Collar
23:30 Castle Age
23:54 Wheelbarrow
23:53 Stone Mining
24:55 Bow Saw
26:29 Heavy Plow
28:12 Forging
28:08 Scale Barding Armor
28:03 Gold Mining
28:29 Town Watch
29:34 Bloodlines
30:24 Iron Casting
30:09 Chain Barding Armor
33:30 Hand Cart
33:36 Pikeman
36:36 Scale Mail Armor
36:38 Squires
40:10 Imperial Age
37:38 Fletching
38:37 Gold Shaft Mining
38:51 Town Patrol
39:32 Husbandry
39:38 Bodkin Arrow
40:34 Chain Mail Armor
40:12 Arson
42:18 Blast Furnace
41:31 Murder Holes
The Cringe Lord
10:36 Loom
13:27 Feudal Age
14:19 Fishing Lines
17:10 Castle Age
15:23 Double-Bit Axe
16:32 Gold Mining
19:30 Bow Saw
19:12 Fletching
21:03 Bodkin Arrow
21:30 Padded Archer Armor
22:39 Ballistics
23:05 Horse Collar
24:46 Gillnets
27:08 Wheelbarrow
30:45 Imperial Age
28:43 Scale Mail Armor
28:33 Eagle Warrior
29:14 Squires
31:11 Chain Mail Armor
31:29 Hand Cart
31:04 Elite Eagle Warrior
32:09 Conscription
32:00 Heavy Plow
32:32 Forging
33:32 Plate Mail Armor
33:17 Pikeman
35:18 Iron Casting
35:51 Holcans
37:29 Blast Furnace
37:21 Halberdier
40:06 Arson
BonDyeDye
8:16 Loom
15:17 Feudal Age
18:48 Castle Age
17:39 Double-Bit Axe
17:52 Fishing Lines
18:38 Bow Saw
20:49 Horse Collar
22:06 Medium Warships
24:49 Wheelbarrow
31:06 Imperial Age
29:15 Horse Collar
29:27 Gold Mining
30:21 Hand Cart
30:35 Scale Barding Armor
31:28 Husbandry
31:53 Forging
37:54 Iron Casting
40:55 Fletching
42:24 Blast Furnace
41:37 Heavy Plow
41:28 Stone Mining
retaux
5:12 Loom
12:36 Feudal Age
17:42 Castle Age
16:43 Fishing Lines
18:44 Double-Bit Axe
18:54 Gillnets
22:09 Medium Warships
22:19 Scale Mail Armor
22:49 Horse Collar
23:52 Fletching
25:49 Chain Mail Armor
25:56 Forging
31:29 Bow Saw
31:19 Heavy Plow
34:02 Wheelbarrow
33:14 Town Watch
37:00 Imperial Age
34:44 Squires
34:56 Forging
35:25 Hand Cart
37:57 Bodkin Arrow
38:40 Iron Casting
38:38 Perfusion
38:59 Conscription
38:37 Stone Mining
38:38 Gold Mining
38:27 Onager
40:02 Conscription
41:14 Blast Furnace
40:31 Anarchy
40:32 Elite Huskarl
43:07 Two-Man Saw
Connection lost

Rejoining the realm…

Still unreachable

The connection could not be restored.

Session expired

The server has moved on; the page needs a fresh start.